 Dungeon Crawl Stone Soup version 0.31-a0-234-gad7ace16ef (webtiles) character file.

Game seed: 1859852388641216663

27 qw the Shooter (level 3, -2/21 HPs)
             Began as a Gargoyle Hexslinger on July 9, 2023.
             Slain by a gnoll
             ... wielding a +2 halberd of freezing
              (6 damage)
             ... on level 2 of the Dungeon.
             The game lasted 00:00:19 (888 turns).

qw the Shooter (Gargoyle Hexslinger)                 Turns: 888, Time: 00:00:19

Health: -2/21      AC: 12    Str: 11    XL:     3   Next: 10%
Magic:  4/4        EV: 10    Int: 13    God:
Gold:   26         SH:  0    Dex: 14    Spells: 3/4 levels left

rFire   . . .        Y - +1 sling
rCold   . . .        (no shield)
rNeg    + . .        e - +0 ring mail
rPois   inf          j - +2 helmet
rElec   +            (no cloak)
rCorr   .            i - +0 pair of gloves
SInv    .            (no boots)
Will    .....        (no amulet)
Stlth   +            (no ring)
HPRegen 0.23/turn    (no ring)
MPRegen 0.09/turn

%: no passive effects
@: brilliant, weak-willed
A: sickness immunity, AC +3, negative energy resistance 1, electricity
resistance, torment resistance 1, petrification resistance
a: no special abilities


You were on level 2 of the Dungeon.
You visited 1 branch of the dungeon, and saw 2 of its levels.

You collected 26 gold pieces.


Innate Abilities, Weirdness & Mutations

You are immune to sickness and miasma.
Your stone body is resilient. (AC +3)
You are immune to poison.
You resist negative energy. (rN+)
You are resistant to electric shocks. (rElec)
You are resistant to unholy torment.
You are immune to petrification.


   Skills:
 - Level 2.0 Fighting
 - Level 3.0 Ranged Weapons
 + Level 0.5 Armour
 - Level 1.5 Dodging
 - Level 1.0 Spellcasting
 - Level 2.6 Hexes


You had 3 spell levels left.
You knew the following spells:

 Your Spells              Type           Power      Damage    Failure   Level
a - Slow                  Hex            44%        N/A       22%         1

Your spell library contained the following spells:

 Spells                   Type           Power      Damage    Failure   Level
 Inner Flame              Hex/Fire       6%         N/A       75%         3
 Portal Projectile        Hex/Tloc       12%        N/A       75%         3
 Cause Fear               Hex            5%         N/A       92%         4

Inventory:

Hand Weapons
 Y - a +1 sling (weapon)
Armour
 e - a +0 ring mail (worn)
 i - a +0 pair of gloves (worn)
 j - a +2 helmet (worn)
Jewellery
 f - a ring of fire
Potions
 g - a potion of brilliance
 h - a potion of curing {unknown}

Dungeon Overview and Level Annotations

Branches:
Dungeon (2/15)

Altars:

Annotations:
D:2 exclusion: 2 gnolls


Message History

The gnoll hits you from afar with a +2 halberd of freezing!
The gnoll freezes you. The gnoll hits you but does no damage.
Enter note:
Enter note:
879 ||| READING scroll labelled KUOR DANIDWACS.
As you read the scroll labelled KUOR DANIDWACS, it crumbles to dust.
Magic quickly surges around you.
It was a scroll of vulnerability.
The gnoll closely misses you.
Enter note:
Enter note: The gnoll misses you.
Enter note:
Enter note:
Enter note:
Enter note:
Enter note:
Enter note:
Enter note:
Enter note: You shoot a sling bullet.
The sling bullet barely misses the gnoll.
The gnoll closely misses you.
You shoot a sling bullet.
The sling bullet barely misses the gnoll.
The gnoll hits you from afar with a +2 halberd of freezing.
The gnoll freezes you.
885 ||| DRINKING 2 murky brown potions.
It was a potion of brilliance.
You feel clever all of a sudden. The gnoll closely misses you.
Enter note:
Enter note: The gnoll hits you with a +2 halberd of freezing.
The gnoll freezes you.
You shoot a sling bullet. The sling bullet hits the gnoll.
The gnoll is severely wounded.
The gnoll closely misses you. The gnoll hits you but does no damage.
You shoot a sling bullet.
The sling bullet closely misses the gnoll.
The gnoll hits you with a +2 halberd of freezing.
You die...

#.......#
#.......#
#.......##.
#.......... .#
##........#
...##
##.........#
...###........#
#.#....##g##.#
#......##@#
#..#.####.#
#..##..#.# #.#
#..##..#.# #.#
#..##....# #.#
#. #..##...##
..# #.#
##..##...# ###
#.# #...##..##
#.# #...#..)#
####.##


You could see a gnoll (weak-willed).

Vanquished Creatures
  A dart slug (D:2)
  A worm (D:2)
  3 giant cockroaches
  4 goblins
  A hobgoblin (D:1)
  4 kobolds
  2 bats (D:1)
  2 frilled lizards (D:1)
  5 rats
23 creatures vanquished.

Notes
Turn   | Place    | Note
-------+----------+-------------------------------------------
     0 | D:1      | qw the Gargoyle Hexslinger began the quest for the Orb.
     0 | D:1      | Reached XP level 1. HP: 12/12 MP: 2/2
     0 | D:1      | 0 ||| qw: Version: 0.3-a-51-g015441d
     0 | D:1      | 0 ||| qw: Game counter: 4224
     0 | D:1      | 0 ||| qw: Melee chars always use a shield: true
     0 | D:1      | 0 ||| qw: God list: Okawaru
     0 | D:1      | 0 ||| qw: Allow faded altars: false
     0 | D:1      | 0 ||| qw: Do Orc after clearing Dungeon:15 true
     0 | D:1      | 0 ||| qw: Do second Lair branch before Depths: true
     0 | D:1      | 0 ||| qw: Lair rune preference: random
     0 | D:1      | 0 ||| qw: Goals: Normal
     0 | D:1      | 0 ||| PLANNING D:1-11
   123 | D:1      | Reached XP level 2. HP: 16/16 MP: 3/3
   199 | D:1      | Found a faded altar of an unknown god.
   320 | D:1      | Reached skill level 3 in Ranged Weapons
   619 | D:1      | 619 ||| Stepping ~*~*~tactically~*~*~ (water).
   694 | D:1      | 694 ||| UPGRADING to +0 ring mail.
   704 | D:1      | 704 ||| DROPPING +0 robe.
   705 | D:1      | 705 ||| UPGRADING to +0 pair of gloves.
   710 | D:1      | 710 ||| UPGRADING to +2 helmet.
   715 | D:1      | 715 ||| READING scroll labelled EGAUSE ASITOSH.
   716 | D:1      | 716 ||| DROPPING scroll of poison.
   796 | D:2      | Reached XP level 3. HP: 21/21 MP: 4/4
   879 | D:2      | 879 ||| READING scroll labelled KUOR DANIDWACS.
   885 | D:2      | 885 ||| DRINKING 2 murky brown potions.
   886 | D:2      | HP: 5/21 [gnoll/+2 halberd of freezing (5)]
   888 | D:2      | Slain by a gnoll

Levels and vault maps discovered:
D:1:      shiori_shiawase, layout_basic, serial_rivers,
          chequers_serial_rivers_small_a, chequers_serial_rivers_room_b,
          chequers_serial_rivers_small_a, chequers_serial_rivers_large_a,
          shapermc_ecumenical_altar_pompeii
D:2:      layout_rooms, serial_shops, shop

Skill      XL: |  1  2 |
---------------+-------+-----
Ranged Weapons | 3 |  3.0
Fighting       | 2 |  2.0
Armour         | |  0.5
Dodging        | |  1.5
Spellcasting   | |  1.0
Hexes          | |  2.6

Action                     || total
---------------------------++-------
   Fire: Sling             ||    60
    Use: Scroll            ||     2
         Potion            ||     1
 Armour: Robe              ||     1
         Ring mail         ||     4
  Dodge: Dodged            ||     6

Table legend:
 A = Non-vault XP
 B = Vault XP
 C = Vault XP percentage of total XP
 D = Non-vault monster count
 E = Vault monster count
 F = Vault count percentage of total count
                 A         B        C        D         E       F
            +---------+---------+-------+---------+---------+-------
      Total |      39 |       0 |   0.0 |      23 |       0 |   0.0
            +---------+---------+-------+---------+---------+-------
        D:1 |      22 |       0 |   0.0 |      15 |       0 |   0.0
        D:2 |      17 |       0 |   0.0 |       8 |       0 |   0.0
            +---------+---------+-------+---------+---------+-------
